 Dungeon Crawl Stone Soup version 0.27-a0-1200-g94dc6ad4cf (webtiles) character file.

Game seed: 1819383603116324000

94 Armakuni the Twirler (level 4, -3/35 HPs)
             Began as a Human Gladiator on June 1, 2021.
             Slain by a sky beast (5 damage)
             ... on level 4 of the Dungeon.
             The game lasted 00:05:45 (3064 turns).

Armakuni the Twirler (Human Gladiator)              Turns: 3064, Time: 00:05:45

Health: -3/35      AC:  9    Str: 14    XL:     4   Next: 94%
Magic:  4/4        EV: 10    Int:  9    God:
Gold:   99         SH:  0    Dex: 15    Spells: 3/3 levels left

rFire    + . .     SeeInvis .   a - +0 quarterstaff
rCold    . . .     Faith    .   (shield currently unavailable)
rNeg     . . .     Spirit   .   d - +2 scale mail {rF+}
rPois    .         Reflect  .   b - +0 helmet
rElec    .         Harm     .   (no cloak)
rCorr    .         Rampage  .   (no gloves)
Will     .....                  (no boots)
Stlth    ..........             (no amulet)
HPRegen  0.11/turn              (no ring)
MPRegen  0.09/turn              (no ring)

@: no status effects
A: no striking features
a: no special abilities


You were on level 4 of the Dungeon.
You visited 1 branch of the dungeon, and saw 4 of its levels.

You collected 99 gold pieces.

Inventory:

Hand Weapons
 a - a +0 quarterstaff (weapon)
Armour
 b - a +0 helmet (worn)
 d - a +2 scale mail of fire resistance (worn)
Jewellery
 i - a ring of ice
Wands
 c - a wand of charming (2)
Potions
 f - a potion of degeneration {unknown}


   Skills:
 + Level 3.5 Fighting
 + Level 4.2 Staves
 - Level 2.0 Throwing
 - Level 3.0 Dodging


You had 3 spell levels left.
You didn't know any spells.
Your spell library contained the following spells:

 Spells                   Type           Power      Damage    Failure   Level
 Confusing Touch          Hex            0%         N/A       99%         3
 Gell's Gravitas          Tloc           0%         N/A       99%         3
 Petrify                  Tmut/Erth      0%         N/A       100%        4
 Metabolic Englaciation   Hex/Ice        0%         N/A       100%        5
 Yara's Violent Unravell  Hex/Tmut       0%         3d3       100%        5


Dungeon Overview and Level Annotations

Branches:
Dungeon (4/15)
 Temple: D:4-7

Altars:
Zin

Shops:
D:2 =

Annotations:
D:4 Grinder, Pikel


Message History

Aiming: Charm
Press: ? - help, Shift-Dir - straight line, f/p - sky beast
Aim: a sky beast (chance to affect: 46%)
The sky beast resists with some effort.
The sky beast flickers out of sight!
Deactivating autopickup; reactivate with Ctrl-A.
Something hits you. Something shocks you.
A sky beast appears from thin air!
Reactivating autopickup.
The sky beast flickers out of sight!
Deactivating autopickup; reactivate with Ctrl-A.
Something hits you but does no damage.
There is a stone staircase leading up here.
Something hits you. Something shocks you.
A hobgoblin comes into view.
The hobgoblin shouts!
An endoplasm comes into view.
Aiming: Charm
Press: ? - help, Shift-Dir - straight line Nothing appears to happen.
Something hits you but does no damage.
Aiming: Charm
Press: ? - help, Shift-Dir - straight line Nothing appears to happen.
Something hits you but does no damage.
Aiming: Charm
Press: ? - help, Shift-Dir - straight line Nothing appears to happen.
The hobgoblin barely misses you. Something hits you. Something shocks you.
You sock the hobgoblin!
You kill the hobgoblin!
Aiming: Charm
Press: ? - help, Shift-Dir - straight line, f - endoplasm
Aim: an endoplasm (chance to affect: 63%) Nothing appears to happen.
Something hits you. Something shocks you.
* * * LOW HITPOINT WARNING * * *
Aiming: Charm
Press: ? - help, Shift-Dir - straight line, f/p - endoplasm
Aim: an endoplasm (chance to affect: 63%) Nothing appears to happen.
Something hits you.
* * * LOW HITPOINT WARNING * * *
Something shocks you.
You die...

#### ..# #.#
#@# ## #.# ....
####J##..##
#.##.........#
#..............
#####.#.###.###
#.#.# .# #.#.#
###### #.#..
#8.._#


You could see an endoplasm.

Vanquished Creatures
  2 lemures (D:3)
  Terence (D:3)
  An adder (D:2)
  A dart slug (D:1)
  An orc (D:3)
  4 ball pythons
  3 bats
  6 endoplasms
  A giant cockroach (D:3)
  5 goblins
  10 hobgoblins
  7 jackals
  2 quokkas (D:1)
  5 frilled lizards
  2 kobolds (D:2)
  4 rats
55 creatures vanquished.

Notes
Turn   | Place    | Note
-------+----------+-------------------------------------------
     0 | D:1      | Armakuni the Human Gladiator began the quest for the Orb.
     0 | D:1      | Reached XP level 1. HP: 16/16 MP: 1/1
   259 | D:1      | Reached XP level 2. HP: 20/22 MP: 2/2
   414 | D:1      | Reached XP level 3. HP: 26/28 MP: 3/3
   853 | D:2      | Found Ydufal's Jewellery Emporium.
  1125 | D:2      | Reached XP level 4. HP: 35/35 MP: 4/4
  1509 | D:3      | Noticed Terence
  1545 | D:3      | Killed Terence
  1546 | D:3      | Reached skill level 4 in Staves
  2411 | D:4      | Found a glowing silver altar of Zin.
  2411 | D:4      | Noticed an angel
  2438 | D:4      | Noticed Pikel
  2438 | D:4      | Noticed a lemure
  2438 | D:4      | Noticed a lemure
  2438 | D:4      | Noticed a lemure
  2440 | D:4      | Noticed Grinder
  2465 | D:3      | Killed a lemure
  2477 | D:3      | Killed a lemure
  2693 | D:4      | HP: 1/35 [Pikel/+1 whip of electrocution (19)]
  3024 | D:4      | Noticed a sky beast
  3064 | D:4      | Slain by a sky beast

Illustrated notes

Levels and vault maps discovered:
D:1:      dpeg_arrival_tiny_f, layout_rooms, minmay_pentomino_w2
D:2:      layout_rooms, serial_shops, nicolae_shop_statue_plus, minmay_tripent
D:3:      layout_basic, uniq_terence
D:4:      kennysheep_goblin_castle, layout_basic, zin_angel,
          general_overflow_altar, minmay_temple_entry_overgrown,
          grunt_decor_one_mirror, hangedman_minor_gate_pass, uniq_grinder,
          uniq_pikel

Skill      XL: |  1  2  3  4 |
---------------+-------------+-----
Fighting       | 3 |  3.5
Staves         | 4 |  4.2
Throwing       | |  2.0
Dodging        | |  3.0

Action                   |  1- 3 |  4- 6 || total
-------------------------+-------+-------++-------
Melee: Quarterstaff      |    94 |    94 ||   188
Throw: Throwing net      |     1 |     2 ||     3
Evoke: Wand              |       |     8 ||     8
  Use: Scroll            |     1 |     5 ||     6
       Potion            |       |     2 ||     2
 Stab: Held in net/web   |       |     3 ||     3
Armor: Leather armour    |     4 |       ||     4
       Scale mail        |    54 |    43 ||    97
       Skin              |       |    10 ||    10
Dodge: Dodged            |    58 |    45 ||   103

Table legend: (Time is in decaauts)
 A = Elapsed time spent in this place.
 B = Non-inter-level travel time spent in this place.
 C = Inter-level travel time spent in this place.
 D = Time resting spent in this place.
 E = Time spent auto-exploring this place.
 F = Levels seen in this place.
 G = Mean time per level.
                   A        B        C        D        E       F      G
               +--------+--------+--------+--------+--------+-----+--------+
         Total |   3089 |   3022 |     67 |    830 |   1541 |   4 |  772.2 |
       Dungeon |   3089 |   3022 |     67 |    830 |   1541 |   4 |  772.2 |
               +--------+--------+--------+--------+--------+-----+--------+

Top non-repeatable levels by time:
     D:3: 1591 daAuts
     D:2: 784 daAuts
     D:1: 601 daAuts
     D:4: 112 daAuts
